Map: 어스름 탑

Players

HyuN - Winner!

  • Race: Zerg Zerg

ReiGn

  • Race: Protoss Protoss
  • League: Master

Event: Gauntlet LotV Series 1 Qualifier 2

VOD

Have the link to the VOD?

Description

Time

  • Played on: Dec. 5, 2015, 2:34 p.m.
  • Length: 10:08

All games in this series

Show
View Real Time Build Order
Export as new Build Order

HyuN Zerg - Winner!

Build Orders: Pool First 

Get SALT Encoding   

  12  0:01  Drone  
  13  0:12  Overlord  
  13  0:16  Drone  
  14  0:31  Drone  
  14  0:32  Drone  
  14  0:35  Drone  
  17  0:46  Spawning Pool  
  17  0:48  Drone  
  17  1:01  Drone  
  18  1:12  Hatchery  
  18  1:18  Overlord  
  17  1:33  Zergling x2  
  17  1:34  Queen, Zergling x2  
  21  1:41  Zergling x2  
  22  1:53  Zergling x2  
  23  2:04  Hatchery  
  23  2:07  Drone  
  23  2:10  Queen  
  25  2:16  Drone  
  25  2:22  Overlord  
  26  2:24  Drone  
  27  2:35  Drone  
  27  2:36  Drone  
  29  2:42  Drone  
  30  2:44  Drone  
  30  2:45  Drone  
  30  2:46  Drone  
  30  2:47  Drone  
  33  2:56  Drone  
  33  2:58  Drone  
  33  3:04  Queen  
  35  3:08  Drone  
  35  3:09  Drone  
  35  3:11  Extractor x2  
  35  3:18  Overlord  
  34  3:21  Drone x2  
  36  3:29  Drone  
  36  3:30  Drone x2  
  39  3:38  Drone x4  
  39  3:39  Drone  
  39  3:40  Drone x2  
  46  3:45  Overlord x2  
  46  3:50  Drone  
  46  3:52  Drone  
  46  3:55  Metabolic Boost  
  48  4:00  Queen  
  48  4:02  Queen  
  52  4:12  Zergling x8  
  53  4:28  Spore Crawler  
  53  4:34  Drone x9  
  53  4:35  Drone x2  
  53  4:37  Queen  
  66  4:45  Drone x2  
  68  4:49  Roach Warren  
  68  4:51  Overlord x2  
  67  4:53  Drone  
  68  5:00  Drone  
  68  5:01  Drone  
  68  5:02  Drone  
  68  5:03  Drone x2, Spore Crawler  
  68  5:04  Spore Crawler  
  68  5:05  Spore Crawler  
  70  5:07  Drone x2  
  72  5:15  Drone x6  
  72  5:18  Drone x2  
  80  5:24  Extractor  
  80  5:26  Drone, Extractor  
  80  5:27  Drone x2  
  80  5:28  Extractor  
  80  5:29  Extractor  
  80  5:30  Drone  
  80  5:31  Drone x2  
  82  5:37  Overlord  
  82  5:38  Lair  
  82  5:39  Overlord  
  82  5:44  Evolution Chamber  
  81  5:50  Queen  
  81  5:51  Drone x4  
  81  5:52  Drone x2  
  81  5:55  Roach  
  81  5:56  Roach x2  
  95  6:00  Queen  
  95  6:03  Roach  
  95  6:04  Roach x2  
  103  6:07  Hatchery  
  102  6:13  Roach x2  
  102  6:16  Zerg Missile Weapons Level 1  
  102  6:18  Overlord x4  
  106  6:21  Overlord  
  106  6:25  Overlord  
  106  6:26  Overlord  
  106  6:27  Overlord  
  106  6:38  Glial Reconstitution  
  106  6:44  Ravager x2  
  106  6:45  Ravager x6  
  114  6:48  Spire  
  114  6:51  Hydralisk Den  
  114  6:52  Zergling x20  
  114  6:53  Zergling x4  
  124  6:56  Overseer  
  125  7:01  Zergling x12  
  125  7:04  Zergling x2  
  125  7:06  Queen  
  125  7:07  Queen  
  135  7:10  Queen  
  137  7:17  Zergling x10  
  137  7:18  Zergling x4  
  144  7:24  Zergling x10  
  144  7:27  Lurker Den  
  138  7:46  Roach x11  
  148  7:54  Hydralisk x2  
  130  8:12  Zergling x18  
  121  8:21  Roach x6  
  121  8:22  Roach x2  
  121  8:26  Roach x2  
  126  8:43  Roach  
  126  8:44  Roach x5  
  129  8:51  Roach x2  
  124  8:58  Roach  
  124  9:00  Zergling x2  
  126  9:03  Zergling x2  
  126  9:05  Zergling x2  
  109  9:24  Roach x2  
  109  9:25  Roach x4  
  109  9:28  Roach  
  109  9:31  Roach  
  115  9:39  Roach x2  
Show
View Real Time Build Order
Export as new Build Order

ReiGn Protoss 

Build Orders: 1 Gate Expand 

Get SALT Encoding   

  12  0:01  Probe (Chrono Boost)  
  13  0:11  Probe (Chrono Boost)  
  14  0:18  Pylon  
  14  0:22  Probe (Chrono Boost)  
  15  0:36  Probe (Chrono Boost)  
  15  0:38  Gateway  
  16  0:47  Probe (Chrono Boost)  
  17  0:57  Probe (Chrono Boost)  
  18  1:08  Probe (Chrono Boost)  
  19  1:16  Nexus  
  20  1:18  Probe (Chrono Boost)  
  20  1:29  Probe (Chrono Boost)  
  20  1:30  Cybernetics Core  
  21  1:37  Pylon  
  22  1:40  Probe (Chrono Boost)  
  22  1:50  Probe (Chrono Boost)  
  23  1:58  Pylon, Assimilator  
  23  2:03  Assimilator  
  23  2:06  Probe (Chrono Boost)  
  23  2:17  Probe (Chrono Boost)  
  24  2:27  Probe (Chrono Boost)  
  25  2:30  Adept (Chrono Boost)  
  25  2:35  Probe  
  28  2:39  Probe  
  28  3:03  Warp Gate  
  28  3:07  Probe  
  28  3:09  Adept (Chrono Boost)  
  31  3:19  Probe (Chrono Boost)  
  31  3:20  Mothership Core (Chrono Boost)  
  34  3:31  Probe (Chrono Boost)  
  35  3:40  Probe (Chrono Boost)  
  36  3:41  Pylon  
  36  3:42  Probe (Chrono Boost)  
  36  3:44  Sentry  
  39  3:50  Probe (Chrono Boost)  
  39  3:52  Probe (Chrono Boost)  
  41  4:00  Gateway x2  
  41  4:01  Probe (Chrono Boost)  
  42  4:03  Probe (Chrono Boost)  
  43  4:12  Probe (Chrono Boost)  
  43  4:14  Probe (Chrono Boost)  
  45  4:22  Probe (Chrono Boost)  
  45  4:24  Probe (Chrono Boost)  
  43  4:32  Sentry  
  43  4:33  Probe (Chrono Boost)  
  43  4:34  Nexus  
  43  4:35  Probe (Chrono Boost), Pylon  
  47  4:39  Assimilator  
  47  4:43  Probe (Chrono Boost), Robotics Facility  
  47  4:44  Assimilator  
  47  4:45  Probe (Chrono Boost)  
  49  4:46  Twilight Council  
  49  4:54  Probe (Chrono Boost)  
  49  4:56  Probe (Chrono Boost)  
  51  5:04  Probe (Chrono Boost)  
  51  5:06  Probe (Chrono Boost)  
  53  5:15  Probe (Chrono Boost)  
  53  5:17  Probe (Chrono Boost), Pylon  
  53  5:20  Forge  
  55  5:22  Resonating Glaives  
  55  5:24  Sentry  
  55  5:25  Probe (Chrono Boost)  
  55  5:27  Probe (Chrono Boost)  
  59  5:32  Pylon, Warp Prism  
  59  5:34  Pylon  
  61  5:36  Probe (Chrono Boost)  
  61  5:38  Probe (Chrono Boost)  
  63  5:46  Probe (Chrono Boost)  
  63  5:48  Probe (Chrono Boost)  
  65  5:50  Probe (Chrono Boost)  
  65  5:51  Adept  
  65  5:52  Adept x2  
  65  5:53  Protoss Ground Weapons Level 1  
  73  5:57  Probe (Chrono Boost)  
  73  5:58  Photon Cannon  
  73  5:59  Probe (Chrono Boost)  
  73  6:00  Probe (Chrono Boost)  
  73  6:01  Photon Cannon  
  75  6:07  Probe (Chrono Boost)  
  75  6:08  Observer  
  75  6:10  Gateway x2  
  77  6:13  Adept  
  79  6:22  Probe (Chrono Boost)  
  79  6:24  Probe (Chrono Boost), Pylon  
  81  6:26  Probe (Chrono Boost)  
  81  6:30  Gateway x2  
  82  6:33  Gateway x2  
  82  6:35  Probe (Chrono Boost)  
  82  6:37  Probe (Chrono Boost), Pylon  
  84  6:42  Immortal  
  84  6:43  Probe (Chrono Boost)  
  89  6:50  Probe (Chrono Boost)  
  89  6:53  Assimilator  
  90  6:55  Probe (Chrono Boost)  
  90  6:57  Assimilator  
  90  7:01  Robotics Bay  
  91  7:04  Probe (Chrono Boost)  
  91  7:06  Pylon  
  91  7:08  Blink  
  92  7:10  Probe (Chrono Boost)  
  92  7:14  Probe (Chrono Boost)  
  94  7:24  Templar Archives  
  94  7:28  Probe (Chrono Boost)  
  95  7:39  Adept x5  
  95  7:40  Adept  
  107  7:54  Probe (Chrono Boost)  
  98  8:07  Adept x5  
  98  8:08  Adept  
  108  8:13  Mothership Core (Chrono Boost)  
  104  8:21  Adept  
  104  8:22  Adept x2  
  104  8:33  Adept x5  
  104  8:34  Adept  
  91  8:50  Dark Shrine  
  83  8:55  Mothership Core (Chrono Boost)  
  83  8:56  Immortal  
  83  8:57  Adept x4  
  83  8:58  Adept x3  
  91  9:24  Adept x4  
  81  9:49  Adept x4  
  80  9:54  Stargate  
  80  9:55  Stargate  
  80  9:56  Gateway  
  67  10:00  Gateway  
Tags
 
Add a new tag
Caveats
  • Supply blocks, unpowered buildings, or Contaminate may cause inaccurate times.
  • Supply counts are checked every 10 seconds.